 Dungeon Crawl Stone Soup version 0.30-a0-172-gc5509c9e31 (webtiles) character file.

Game seed: 3131444612093522507

96 qw the Chopper (level 4, -2/28 HPs)
             Began as a Gargoyle Fighter on Oct 1, 2022.
             Slain by Grinder (6 damage)
             ... while paralysed by Grinder
             ... on level 3 of the Dungeon.
             The game lasted 00:00:41 (1798 turns).

qw the Chopper (Gargoyle Fighter)                   Turns: 1798, Time: 00:00:42

Health: -2/28      AC: 12    Str: 21    XL:     4   Next: 67%
Magic:  4/4        EV:  2    Int:  9    God:
Gold:   208        SH:  0    Dex:  9    Spells: 3/3 levels left

rFire   . . .      SeeInvis .    Y - +0 war axe (freeze)
rCold   . . .      Faith    .    c - +0 buckler
rNeg    + . .      Spirit   .    b - +0 scale mail
rPois   inf        Reflect  .    f - +2 hat
rElec   +          Harm     .    (no cloak)
rCorr   .          Rampage  .    (no gloves)
Will    .....                    (no boots)
Stlth   ..........               (no amulet)
HPRegen 0.24/turn                (no ring)
MPRegen 0.09/turn                (no ring)

@: paralysed
A: sickness immunity, AC +3, negative energy resistance 1, electricity
resistance, torment resistance 1, petrification resistance
a: no special abilities


You were on level 3 of the Dungeon.
You visited 1 branch of the dungeon, and saw 3 of its levels.

You collected 208 gold pieces.


Innate Abilities, Weirdness & Mutations

You are immune to sickness and miasma.
Your stone body is resilient. (AC +3)
You are immune to poison.
You resist negative energy. (rN+)
You are resistant to electric shocks. (rElec)
You are resistant to unholy torment.
You are immune to petrification.


   Skills:
 - Level 3.2 Fighting
 + Level 3.9 Axes
 - Level 1.4 Throwing
 - Level 3.2 Armour
 - Level 3.2 Shields


You had 3 spell levels left.
You didn't know any spells.
Your spell library was empty.

Inventory:

Hand Weapons
 e - a +0 mace
 Y - a +0 war axe of freezing (weapon)
Armour
 b - a +0 scale mail (worn)
 c - a +0 buckler (worn)
 f - a +2 hat (worn)
Scrolls
 j - 2 scrolls of identify
 m - a scroll of noise {unknown}
Potions
 d - a potion of might
 g - 2 potions of attraction
 h - a potion of lignification {unknown}
 i - a potion of invisibility {unknown}
 k - a potion of curing {unknown}
 l - 2 potions of haste {unknown}

Dungeon Overview and Level Annotations

Branches:
Dungeon (3/15)

Altars:

Annotations:
D:3 Grinder


Message History

You resist with significant effort. The adder barely misses you.
Grinder hits you but does no damage.
You closely miss Grinder.
Grinder is moderately wounded.
You closely miss the adder. The adder bites you but does no damage.
Grinder blinks!
You block the adder's attack.
You closely miss Grinder.
Grinder is moderately wounded.
You completely miss the adder. The adder barely misses you.
Grinder grins, showing sharp teeth.
Grinder hits you but does no damage. You block the adder's attack.
You completely miss Grinder.
Grinder is lightly wounded.
You slash the adder!
The adder seems to slow down.
You freeze the adder.
You kill the adder!
Grinder blinks!
1790 ||| Stepping ~*~*~tactically~*~*~ (hiding).
Grinder grins, showing sharp teeth.
You completely miss Grinder.
Grinder is lightly wounded.
Grinder hits you.
You barely miss Grinder.
Grinder is lightly wounded.
Grinder gestures at you. Pain shoots through your body!
Grinder hits you but does no damage.
You barely miss Grinder.
Grinder is lightly wounded.
You block Grinder's attack.
You hit Grinder.
Grinder is moderately wounded.
Grinder hits you but does no damage.
You hit Grinder.
Grinder is moderately wounded.
Grinder gestures at you.
You suddenly lose the ability to move!
Grinder hits you. Grinder hits you but does no damage. Grinder hits you.
You die...

# # ## .#### ....#
###.######
#############..
#......#
#...##....(.(..
#......#
#...5@.)..#
##.....#
#...##..%##
#.....###...######
#.....##....#
#.....##.######
#.....%.>.....#
#.............#
###..#........#
#......>......#


You could see Grinder.

Vanquished Creatures
  An orc wizard (D:3)
  2 adders
  A worm (D:2)
  A dart slug (D:2)
  2 orcs (D:3)
  6 endoplasms
  A giant cockroach (D:2)
  5 goblins
  6 hobgoblins
  4 jackals (D:1)
  3 quokkas
  2 ball pythons
  4 frilled lizards
  3 kobolds
  3 rats
  A spectral hobgoblin (D:2)
45 creatures vanquished.

Notes
Turn   | Place    | Note
-------+----------+-------------------------------------------
     0 | D:1      | qw the Gargoyle Fighter began the quest for the Orb.
     0 | D:1      | Reached XP level 1. HP: 14/14 MP: 1/1
     0 | D:1      | 0 ||| qw: Version: 0.2-a-13-gfc7b4b4
     0 | D:1      | 0 ||| qw: Game counter: 1826
     0 | D:1      | 0 ||| qw: Always use a shield: true
     0 | D:1      | 0 ||| qw: God list: Okawaru
     0 | D:1      | 0 ||| qw: Allow faded altars: false
     0 | D:1      | 0 ||| qw: Do Orc after D:15 true
     0 | D:1      | 0 ||| qw: Do second Lair branch before Depths: true
     0 | D:1      | 0 ||| qw: Lair rune preference: random
     0 | D:1      | 0 ||| qw: Plans: Normal, Zot:1-4, God:TSO, Crypt, Tomb,
                  | Pan, Slime:5, Hells, Abyss, Orb
     0 | D:1      | 0 ||| PLANNING D:1-11
   177 | D:1      | Reached XP level 2. HP: 19/19 MP: 2/2
   336 | D:1      | 336 ||| Stepping ~*~*~tactically~*~*~ (stealth).
   338 | D:1      | 338 ||| Stepping ~*~*~tactically~*~*~ (stealth).
   397 | D:1      | Reached skill level 3 in Axes
   483 | D:1      | Reached XP level 3. HP: 23/23 MP: 3/3
   671 | D:1      | 671 ||| UPGRADING to +2 hat.
   676 | D:1      | 676 ||| READING scroll labelled YSKAAW SUFIJID.
   677 | D:1      | 677 ||| DRINKING 3 black potions.
   872 | D:2      | Found a faded altar of an unknown god.
   932 | D:2      | 932 ||| Stepping ~*~*~tactically~*~*~ (stealth).
  1021 | D:2      | 1021 ||| Stepping ~*~*~tactically~*~*~ (stealth).
  1430 | D:2      | 1430 ||| READING scroll labelled SAN YZXOCEOHITWUP.
  1431 | D:2      | 1431 ||| READING scroll labelled QAEFEA TOTOVU.
  1432 | D:2      | 1432 ||| READING scroll labelled YRIACUCITI.
  1611 | D:3      | 1611 ||| FLEEEEING.
  1612 | D:3      | 1612 ||| FLEEEEING.
  1613 | D:3      | 1613 ||| FLEEEEING.
  1627 | D:3      | Reached XP level 4. HP: 11/28 MP: 4/4
  1628 | D:3      | HP: 4/28 [orc/+0 whip (5)]
  1632 | D:3      | Reached skill level 1 in Throwing
  1776 | D:3      | Noticed Grinder
  1790 | D:3      | 1790 ||| Stepping ~*~*~tactically~*~*~ (hiding).
  1793 | D:3      | HP: 6/28 [Grinder/nerve-wracking pain (4)]
  1796 | D:3      | Paralysed by Grinder for 5 turns
  1798 | D:3      | Slain by Grinder

Levels and vault maps discovered:
D:1:      dpeg_arrival_pits, layout_basic, serial_rivers,
          chequers_serial_rivers_room_a, chequers_serial_rivers_small_3,
          chequers_serial_rivers_micro_b, chequers_serial_rivers_micro_c,
          chequers_serial_rivers_micro_e, chequers_serial_rivers_small_a
D:2:      layout_loops_cross, dreamdust_ecumenical_altar_drowned_temple,
          minmay_misc_feat_nine_boxes
D:3:      layout_basic, uniq_grinder

Skill      XL: |  1  2  3  4 |
---------------+-------------+-----
Axes           | 2 3 |  3.9
Throwing       | 1 |  1.4
Fighting       | |  3.2
Armour         | |  3.2
Shields        | |  3.2

Action                   |  1- 3 |  4- 6 || total
-------------------------+-------+-------++-------
Melee: War axe           |   111 |    26 ||   137
Throw: Javelin           |       |     2 ||     2
  Use: Scroll            |     4 |       ||     4
       Potion            |     1 |       ||     1
Armor: Scale mail        |    64 |    24 ||    88
Dodge: Dodged            |    58 |     9 ||    67
Block: Buckler           |    11 |     8 ||    19

Table legend:
 A = Non-vault XP
 B = Vault XP
 C = Vault XP percentage of total XP
 D = Non-vault monster count
 E = Vault monster count
 F = Vault count percentage of total count
                 A         B        C        D         E       F
            +---------+---------+-------+---------+---------+-------
      Total |     137 |       1 |   0.7 |      44 |       1 |   2.2
            +---------+---------+-------+---------+---------+-------
        D:1 |      36 |       0 |   0.0 |      21 |       0 |   0.0
        D:2 |      38 |       1 |   2.6 |      13 |       1 |   7.1
        D:3 |      63 |       0 |   0.0 |      10 |       0 |   0.0
            +---------+---------+-------+---------+---------+-------
